 Dungeon Crawl Stone Soup version 0.28-a0-95-g65e1ffefe4 (webtiles) character file.

Game seed: 11944986578930072084

60654 HAL9000 the Jinx (level 15, 0/73 HPs)
             Began as a Vine Stalker Brigand on Aug 7, 2021.
             Was a Follower of Uskayaw.
             Succumbed to a black mamba's poison
             ... on level 6 of the Lair of Beasts on Aug 8, 2021.
             The game lasted 00:52:51 (20592 turns).

HAL9000 the Jinx (Vine Stalker Brigand)            Turns: 20592, Time: 00:52:51

Health: 0/73       AC: 10    Str: 15    XL:     15   Next: 0%
Magic:  3/23       EV: 15    Int: 14    God:    Uskayaw [*.....]
Gold:   890        SH:  5    Dex: 18    Spells: 4/22 levels left

rFire   . . .      SeeInvis .   a - +3 dagger
rCold   + . .      Faith    +   O - +0 buckler
rNeg    . . .      Spirit   +   H - +2 robe {Will+}
rPois   .          Reflect  .   Q - +2 hat {Will+}
rElec   .          Harm     .   u - +2 cloak {rCorr}
rCorr   +          Rampage  .   G - +0 pair of gloves
Will    +++..                   c - +0 pair of boots
Stlth   +++++.....              K - amulet of faith
HPRegen 1.22/turn               t - ring of protection from cold
MPRegen 0.18/turn               S - ring of resist corrosion

@: lethally poisoned (0 -> -12)
A: fangs 3, regeneration 1, magic shield, antimagic bite, no potion heal 2,
talons 1, deformed body, subdued magic 1
a: Renounce Religion, Stomp


You were on level 6 of the Lair of Beasts.
You worshipped Uskayaw.
Uskayaw was aware of your devotion.
You visited 3 branches of the dungeon, and saw 17 of its levels.

You collected 926 gold pieces.
You spent 36 gold pieces at shops.

Inventory:

Hand Weapons
 a - a +3 dagger (weapon)
 L - a +2 dagger of freezing
Missiles
 d - 47 poisoned darts
 m - 15 javelins
 q - 3 throwing nets
 s - 15 curare-tipped darts
 v - 18 boomerangs (quivered)
 y - 4 silver javelins
Armour
 c - a +0 pair of boots (worn)
 u - a +2 cloak of preservation (worn)
 G - a +0 pair of gloves (worn)
 H - a +2 robe of willpower (worn)
 M - +0 gold dragon scales
 O - a +0 buckler (worn)
 Q - a +2 hat of willpower (worn)
Jewellery
 o - a ring of magical power
 t - a ring of protection from cold (left hand)
 w - an amulet of regeneration
 C - a ring of willpower
 K - an amulet of faith (around neck)
 R - an amulet of reflection
 S - a ring of resist corrosion (right hand)
Wands
 e - a wand of flame (66)
 D - a wand of polymorph (11)
 E - a wand of acid (18)
 N - a wand of iceblast (21)
 P - a wand of paralysis (7)
 T - a wand of charming (11)
Scrolls
 b - 3 scrolls of teleportation
 h - 7 scrolls of enchant armour
 i - 2 scrolls of magic mapping
 l - 3 scrolls of enchant weapon
 n - 2 scrolls of vulnerability
 A - 3 scrolls of amnesia
 I - a scroll of fog
 U - a scroll of silence {unknown}
 W - a scroll of blinking
 X - a scroll of identify
Potions
 f - 4 potions of flight
 g - 2 potions of haste
 j - a potion of ambrosia {unknown}
 k - a potion of cancellation
 p - a potion of brilliance
 r - 5 potions of curing
 x - a potion of attraction
 z - a potion of lignification
 B - a potion of might {unknown}
 F - 2 potions of invisibility
 J - 2 potions of magic
 V - a potion of berserk rage {unknown}


   Skills:
 - Level 6.1 Fighting
 - Level 10.5 Short Blades
 - Level 6.1 Throwing
 - Level 5.1 Dodging
 - Level 13.0 Stealth
 - Level 4.0 Shields
 - Level 4.2 Spellcasting
 - Level 14.2 Hexes
 + Level 9.9 Invocations


You had 4 spell levels left.
You knew the following spells:

 Your Spells              Type           Power      Damage    Failure   Level
a - Dazzling Flash        Conj/Hex       34%        N/A       2%          3
b - Invisibility          Hex            16%        N/A       7%          6
c - Confusing Touch       Hex            32%        N/A       1%          3
d - Swiftness             Air            2%         N/A       45%         3
e - Summon Guardian Gole  Hex/Summ       17%        N/A       2%          3

Your spell library contained the following spells:

 Spells                   Type           Power      Damage    Failure   Level
 Slow                     Hex            32%        N/A       1%          2
 Fulminant Prism          Conj/Hex       8%         3d7       8%          4
 Freeze                   Ice            8%         1d3       16%         1
 Corpse Rot               Necr/Air       N/A        N/A       24%         2
 Passwall                 Tmut/Erth      1%         N/A       24%         2
 Poisonous Vapours        Pois/Air       4%         N/A       24%         2
 Sublimation of Blood     Necr           1%         N/A       24%         2
 Wereblood                Tmut           2%         N/A       24%         2
 Frozen Ramparts          Ice            4%         1d2       45%         3
 Ignite Poison            Fire/Tmut/Pois 2%         N/A       45%         3
 Mephitic Cloud           Conj/Pois/Air  2%         N/A       45%         3
 Stone Arrow              Conj/Erth      4%         3d7       45%         3
 Vampiric Draining        Necr           1%         2d6       45%         3
 Animate Armour           Summ/Erth      4%         N/A       86%         4
 Animate Dead             Necr           1%         N/A       86%         4
 Hailstorm                Conj/Ice       2%         3d3       86%         4
 Iskenderun's Mystic Bla  Conj/Tloc      2%         2d3       86%         4
 Bolt of Magma            Conj/Fire/Erth 1%         4d4       99%         5
 Borgnjor's Vile Clutch   Necr/Erth      1%         N/A       99%         5
 Freezing Cloud           Conj/Ice/Air   1%         6-21      99%         5
 Lee's Rapid Deconstruct  Erth           1%         3d5*      99%         5
 Lightning Bolt           Conj/Air       1%         1d12      99%         5
 Death Channel            Necr           1%         N/A       100%        6
 Orb of Destruction       Conj           1%         N/A       100%        7
 Spellforged Servitor     Conj/Summ      1%         N/A       100%        7
 Summon Hydra             Summ           1%         N/A       100%        7
 Lehudib's Crystal Spear  Conj/Erth      1%         10d2      100%        8


Dungeon Overview and Level Annotations

Branches:
Dungeon (10/15)            Temple (1/1) D:6            Lair (6/6) D:9
  Swamp (0/4) Lair:2        Snake (0/4) Lair:3        Slime (0/5) Lair:5
    Orc (0/2) D:9

Altars:
Ashenzari
Cheibriados
Dithmenos
Elyvilon
Fedhas
Gozag
Hepliaklqana
Makhleb
Nemelex Xobeh
Okawaru
Qazlal
Ru
Sif Muna
Trog
Uskayaw
Vehumet
Wu Jian
Xom
Yredelemnul
Zin
The Shining One

Shops:
D:4 !   D:5 !

Annotations:
Lair:2 exclusion: oklob plant
Lair:3 1 runed translucent door, rayg00n's ghost, journeyman SpDe
Lair:6 exclusion: oklob plant


Innate Abilities, Weirdness & Mutations

You have razor-sharp teeth.
Your natural rate of healing is unusually fast.
When hurt, damage is shared between your health and your magic reserves.
Your bite disrupts and absorbs the magic of your enemies.
Potions cannot restore your health.
You have sharp toenails.
Armour fits poorly on your strangely shaped body.
Your spells are a little easier to cast, but a little less powerful.


Message History

Casting: Confusing Touch (safe; 1% risk of failure)
Confirm with . or Enter, or press ? or * to list all spells.
Your hands begin to glow red.
The hell hound barks!
You hear a howl!
The black mamba barely misses you. The black mamba bites you!
You are poisoned.
The black mamba poisons you!
You hit the black mamba but do no damage.
The black mamba appears confused.
You feel very sick. The black mamba bites you!
You are more poisoned.
The black mamba poisons you!
You barely miss the black mamba. You bite the black mamba. You drain its power.
You feel invigorated.
The black mamba is lightly wounded.
You feel very sick. The black mamba bites you.
You are more poisoned.
The black mamba poisons you!
You hit the black mamba. Your bite misses the black mamba.
The black mamba is lightly wounded.
You feel very sick.
You feel extremely sick.
The black mamba bites the warg!
The warg is poisoned.
The black mamba poisons the warg!
The black mamba bites you.
* * * LOW HITPOINT WARNING * * *
You feel extremely sick. The black mamba closely misses you.
The black mamba completely misses you.
* * * LOW HITPOINT WARNING * * *
You feel extremely sick. The hell hound breathes flames at you.
The blast of flame hits you!!
* * * LOW HITPOINT WARNING * * *
The warg misses you.
You see here a +0 ring mail.
Blink to where?
Press: ? - help, Dir - move target
As you read the scroll of blinking, it crumbles to dust.
You die...

...................##
...<................#
...................##
####################
# ## ### #.#####
####.# ##...(#
#######.#..###..@..#
#.#.##.#...)###...##
....#.#††..###...#.#
......#†.......#####
.†#....#....##..#
###..####§h##..##
.##..## ##Sh..#/#
#.....# #..!..#
....### ##....?#


You could see a warg (very poisoned).

Vanquished Creatures
  Rupert (Lair:3)
  Gastronok (Lair:2)
  Snorg (Lair:5)
  2 hydras
  A boulder beetle (Lair:4)
  3 death yaks
  A two-headed ogre (D:7)
  Urug (Lair:5)
  Sonja (Lair:2)
  3 bog bodies (Lair:2)
  Pikel (D:6)
  A wolf spider (Lair:6)
  7 elephants
  9 black mambas
  3 centaur zombies
  A guardian serpent (Lair:6)
  20 cane toads
  A rime drake (Lair:4)
  11 komodo dragons
  11 polar bears
  2 ice devils (Lair:4)
  A troll (D:8)
  18 blink frogs
  4 hornets
  A raiju (Lair:6)
  6 dream sheep (Lair:6)
  Sigmund (D:2)
  14 wyverns
  A redback (Lair:6)
  85 yaks
  3 basilisks
  A steam dragon (Lair:3)
  A swamp worm (Lair:2)
  3 wargs (Lair:6)
  4 nagas (Lair:3)
  5 hell hounds (Lair:6)
  23 water moccasins
  12 black bears
  2 ice beasts
  5 orc warriors
  2 ogres
  A necrophage (D:8)
  11 wolves
  2 lemures (D:6)
  3 centaurs
  5 kobold brigands
  4 gnoll sergeants (D:9)
  16 bullfrogs
  A water moccasin zombie (D:6)
  A scorpion (D:6)
  8 howler monkeys
  8 wights
  2 electric eels
  4 crimson imps (D:3)
  2 gnoll shamans
  Crazy Yiuf (D:2)
  3 jellies
  A centaur skeleton (D:5)
  2 orc priests
  A hound (D:6)
  2 bullfrog skeletons
  2 iguanas
  7 orc wizards
  A killer bee zombie (D:6)
  A mummy (D:7)
  A hound skeleton (D:4)
  A howler monkey skeleton (D:4)
  A howler monkey zombie (D:8)
  13 gnolls
  4 adders
  A shadow imp (D:5)
  A white imp (D:4)
  An ufetubus (D:5)
  A worm (D:2)
  3 dart slugs
  22 orcs
  2 ball pythons
  16 endoplasms
  A giant cockroach (D:4)
  7 goblins
  5 hobgoblins
  6 jackals
  18 kobolds
  5 quokkas
  6 bats
  3 frilled lizards
  3 rats
484 creatures vanquished.

Vanquished Creatures (others)
  A hydra (Lair:6)
  A black bear (Lair:6)
  A goblin (D:2)
  4 bushes (Lair:6)
  72 fungi
  113 plants
  6 toadstools (D:2)
198 creatures vanquished.

Grand Total: 682 creatures vanquished

Notes
Turn   | Place    | Note
-------+----------+-------------------------------------------
     0 | D:1      | HAL9000 the Vine Stalker Brigand began the quest for the
                  | Orb.
     0 | D:1      | Reached XP level 1. HP: 11/11 MP: 2/2
   117 | D:1      | Reached XP level 2. HP: 14/15 MP: 1/3
   753 | D:1      | Reached XP level 3. HP: 16/18 MP: 4/4
   912 | D:1      | Found a faded altar of an unknown god.
   928 | D:1      | Got the Papyrus of Attacks
  1812 | D:2      | Gained mutation: Your natural rate of healing is unusually
                  | fast. [Vine Stalker growth]
  1812 | D:2      | Reached XP level 4. HP: 14/23 MP: 2/5
  2504 | D:2      | Reached XP level 5. HP: 23/26 MP: 3/6
  2642 | D:2      | Noticed Sigmund
  2650 | D:2      | Killed Sigmund
  2651 | D:2      | Reached XP level 6. HP: 28/30 MP: 7/7
  2957 | D:2      | Found a runed translucent door.
  2958 | D:2      | Noticed Crazy Yiuf
  2966 | D:2      | Killed Crazy Yiuf
  3326 | D:3      | Found a shimmering altar of Xom.
  3953 | D:3      | Reached XP level 7. HP: 34/34 MP: 8/8
  3964 | D:3      | Learned a level 3 spell: Dazzling Flash
  4659 | D:4      | Found Sigoss's Distillery.
  4667 | D:4      | Bought a potion of curing for 36 gold pieces
  4969 | D:5      | Entered Level 5 of the Dungeon
  5031 | D:5      | Reached skill level 5 in Short Blades
  5178 | D:5      | Found a sparkling altar of Nemelex Xobeh.
  5231 | D:5      | Found a bloodstained altar of Trog.
  5395 | D:5      | Found a burning altar of Makhleb.
  5400 | D:5      | Reached skill level 5 in Stealth
  5400 | D:5      | Gained mutation: You have razor-sharp teeth. [Vine Stalker
                  | growth]
  5400 | D:5      | Reached XP level 8. HP: 38/38 MP: 9/9
  5475 | D:5      | Found Somuloh's Distillery.
  6491 | D:6      | Found a staircase to the Ecumenical Temple.
  6506 | Temple   | Entered the Ecumenical Temple
  7072 | D:6      | Found a hide-covered altar of Uskayaw.
  7241 | D:6      | Became a worshipper of Uskayaw the Reveller
  7445 | D:7      | Reached * piety under Uskayaw
  7461 | D:7      | Reached XP level 9. HP: 42/42 MP: 10/10
  7474 | D:7      | Found a snail-covered altar of Cheibriados.
  7494 | D:7      | Noticed a two-headed ogre
  7496 | D:7      | Killed a two-headed ogre
  7496 | D:7      | Reached ** piety under Uskayaw
  7498 | D:7      | Reached *** piety under Uskayaw
  7506 | D:7      | Reached **** piety under Uskayaw
  7510 | D:7      | Reached ***** piety under Uskayaw
  7690 | D:7      | Noticed Pikel
  7878 | D:6      | Killed Pikel
  7968 | D:7      | Upgraded the game from 0.28-a0-94-g325244837d to
                  | 0.28-a0-95-g65e1ffefe4
  8014 | D:7      | Reached skill level 1 in Shields
  8495 | D:8      | Reached XP level 10. HP: 48/48 MP: 11/11
  8709 | D:8      | Reached skill level 1 in Hexes
  8795 | D:7      | Reached skill level 2 in Hexes
  8849 | D:7      | Reached skill level 3 in Hexes
  8899 | D:7      | Reached skill level 4 in Hexes
  8938 | D:8      | Reached skill level 5 in Hexes
  9172 | D:8      | Reached skill level 6 in Hexes
  9698 | D:9      | Reached skill level 7 in Hexes
  9708 | D:9      | Noticed a death yak
  9709 | D:9      | Noticed a death yak
  9709 | D:9      | Noticed a death yak
  9827 | D:9      | Found a staircase to the Lair.
  9930 | D:9      | Found a staircase to the Orcish Mines.
 10064 | D:8      | Reached skill level 8 in Hexes
 10150 | D:8      | Reached XP level 11. HP: 35/51 MP: 6/12
 10258 | D:9      | Reached skill level 9 in Hexes
 10634 | D:8      | Killed a death yak
 10737 | D:9      | Reached skill level 10 in Hexes
 10827 | D:9      | Killed a death yak
 10903 | D:8      | Killed a death yak
 11138 | D:10     | Entered Level 10 of the Dungeon
 11157 | D:10     | Noticed a two-headed ogre
 11185 | Lair:1   | Entered Level 1 of the Lair of Beasts
 11331 | Lair:1   | Reached ****** piety under Uskayaw
 11562 | Lair:1   | Reached skill level 10 in Short Blades
 11793 | Lair:1   | Reached XP level 12. HP: 52/58 MP: 10/13
 11858 | Lair:1   | Reached skill level 1 in Dodging
 12387 | Lair:2   | Noticed Sonja
 12466 | Lair:1   | Learned a level 6 spell: Invisibility
 12503 | Lair:2   | Reached skill level 10 in Stealth
 12535 | Lair:2   | Reached skill level 11 in Hexes
 12606 | Lair:2   | Reached skill level 1 in Spellcasting
 12931 | Lair:2   | Noticed a four-headed hydra
 13153 | Lair:2   | Learned a level 3 spell: Confusing Touch
 13248 | Lair:2   | Killed Sonja
 13372 | Lair:2   | Noticed Gastronok
 13440 | Lair:2   | Killed Gastronok
 13441 | Lair:2   | Reached skill level 12 in Hexes
 13700 | Lair:2   | Killed a four-headed hydra
 13925 | Lair:2   | Found a staircase to the Swamp.
 14195 | Lair:3   | Noticed Rupert
 14200 | Lair:3   | Killed Rupert
 14201 | Lair:3   | Reached XP level 13. HP: 63/63 MP: 20/20
 14521 | Lair:3   | Found a runed translucent door.
 14522 | Lair:3   | Found a shimmering altar of Xom.
 14522 | Lair:3   | Noticed rayg00n's ghost (journeyman SpDe)
 14947 | Lair:3   | Found a staircase to the Snake Pit.
 14995 | Lair:3   | Reached skill level 13 in Hexes
 15641 | Lair:4   | Identified the +4 hand axe of the Evil Eye {freeze, rElec
                  | Int-3 Dex+9 Stlth-}
 15885 | Lair:4   | Found a frozen archway.
 16086 | Lair:3   | Reached skill level 14 in Hexes
 16822 | Lair:5   | Reached skill level 5 in Fighting
 16881 | Lair:5   | Noticed Snorg
 16887 | Lair:5   | Killed Snorg
 17181 | Lair:5   | Reached XP level 14. HP: 37/68 MP: 7/21
 17293 | Lair:5   | Found a staircase to the Slime Pits.
 17429 | Lair:5   | Noticed Urug
 17437 | Lair:5   | Killed Urug
 17881 | Lair:5   | Learned a level 3 spell: Swiftness
 17910 | Lair:6   | Entered Level 6 of the Lair of Beasts
 17998 | Lair:6   | Reached skill level 5 in Dodging
 18093 | Lair:5   | Gained mutation: Armour fits poorly on your strangely
                  | shaped body. [mutagenic glow]
 18149 | Lair:5   | Gained mutation: Your spells are a little easier to cast,
                  | but a little less powerful. [mutagenic glow]
 18186 | Lair:5   | Reached skill level 1 in Invocations
 18513 | Lair:6   | Paralysed by a hornet for 2 turns
 18899 | Lair:6   | Reached skill level 5 in Invocations
 19625 | Lair:6   | Gained mutation: You have sharp toenails. [mutagenic glow]
 20387 | Lair:6   | Learned a level 3 spell: Summon Guardian Golem
 20561 | Lair:6   | Reached XP level 15. HP: 71/73 MP: 19/23
 20591 | Lair:6   | HP: 3/73 [hell hound/blast of flame (10)]
 20592 | Lair:6   | Succumbed to a black mamba's poison

Illustrated notes

Levels and vault maps discovered:
D:1:      minmay_arrival_checkered_box, layout_basic,
          hellmonk_ecumenical_altar_heavens_door, minmay_misc_feat_tiny,
          minmay_misc_feat_rugged
D:2:      cheibrodos_fertilizer, layout_basic, lemuel_flame_loot_1,
          uniq_sigmund, uniq_crazy_yiuf_cottage
D:3:      layout_loops_corners, led_xom_imps
D:4:      layout_cave_pools, serial_shops, nicolae_square_shop,
          dk_rats_in_the_wall
D:5:      layout_cave_pools, nemelex_diamond_rough_becter, old_standard_altar,
          general_overflow_altar, serial_shops, nicolae_shop_behind_doors
D:6:      layout_loops_corners, amcnicky_altar_gilded,
          minmay_temple_entry_stoned_glass
D:7:      layout_basic, slow_altar_1, serial_glass, glass_columns_a,
          glass_columns_c, grunt_decor_one_mirror,
          chequers_serial_rivers_large_b, uniq_pikel
D:8:      layout_cave_pools, grunt_ministairs_9
D:9:      layout_basic, dpeg_lair_monsters,
          kennysheep_orc_monster_closet_entryway
D:10:     layout_cave_pools, tgw_kikubaaqudgha, gammafunk_ghost_spectres,
          worms_lemuel
Temple:   regret_index_temple_generic_petals
Lair:1:   layout_long_grid
Lair:2:   layout_regular_city, nicolae_swamp_entry_splash_gauntlet,
          minmay_lair_oklob_chamber, uniq_sonja, uniq_gastronok
Lair:3:   layout_loops_ring, minmay_snake_entry_guardpost_medium,
          ebering_ghost_xom, uniq_rupert
Lair:4:   layout_big_grid, portal_ice_cave_demonic_guard,
          chequers_serial_rivers_room_b
Lair:5:   layout_cave_pods, slime_dummy, uniq_snorg, uniq_urug
Lair:6:   hangedman_lair_tendril_chambers, layout_long_grid,
          hangedman_lair_caniforms_friends, minmay_lair_oklob_bushes,
          serial_bayou_shore_a

Skill      XL: |  1  2  3  4  5  6  7  8  9 10 11 12 13 14 |
---------------+-------------------------------------------+-----
Throwing       | 2 3 4 6 |  6.1
Short Blades   | 3 5 7 8 10 | 10.5
Stealth        | 5 7 9 12 13 | 13.0
Fighting       | 2 4 5 6 |  6.1
Shields        | 3 4 |  4.0
Hexes          | 8 10 12 14 | 14.2
Dodging        | 1 3 5 |  5.1
Spellcasting   | 4 |  4.2
Invocations    | 9 |  9.9

Action                   |  1- 3 |  4- 6 |  7- 9 | 10-12 | 13-15 || total
-------------------------+-------+-------+-------+-------+-------++-------
Melee: Dagger            |    96 |   203 |   325 |   922 |   957 ||  2503
       Bite              |    25 |    59 |    99 |   397 |   375 ||   955
Throw: Dart              |     8 |    12 |    32 |    56 |     1 ||   109
       Boomerang         |       |       |    16 |    16 |    10 ||    42
       Javelin           |       |       |       |    12 |       ||    12
 Cast: Dazzling Flash    |       |       |       |     6 |     8 ||    14
       Confusing Touch   |       |       |       |     9 |    64 ||    73
       Invisibility      |       |       |       |       |    31 ||    31
       Summon Guardian G |       |       |       |       |     1 ||     1
Invok: Line Pass         |       |       |       |     1 |       ||     1
       Grand Finale      |       |       |       |       |     1 ||     1
Evoke: Wand              |       |       |     2 |       |       ||     2
  Use: Scroll            |       |     3 |     8 |     3 |     9 ||    23
 Stab: Sleeping          |     8 |    10 |    14 |    14 |    12 ||    58
       Paralysed         |       |       |     1 |    31 |    42 ||    74
       Distracted        |       |       |       |     4 |     1 ||     5
       Invisible         |       |       |       |     1 |    59 ||    60
       Confused          |       |       |       |     6 |    54 ||    60
Armor: Robe              |    17 |    57 |    74 |   153 |   158 ||   459
Dodge: Dodged            |    54 |    78 |   131 |   261 |   362 ||   886
Block: Buckler           |       |       |     5 |   136 |   151 ||   292

Table legend: (Time is in decaauts)
 A = Elapsed time spent in this place.
 B = Non-inter-level travel time spent in this place.
 C = Inter-level travel time spent in this place.
 D = Time resting spent in this place.
 E = Time spent auto-exploring this place.
 F = Levels seen in this place.
 G = Mean time per level.
                   A        B        C        D        E       F      G
               +--------+--------+--------+--------+--------+-----+--------+
         Total |  19633 |  18544 |   1089 |   3014 |  10275 |  17 | 1154.9 |
       Dungeon |  10527 |   9861 |    666 |   1555 |   5863 |  10 | 1052.7 |
        Temple |    326 |    302 |     24 |    100 |    195 |   1 |  326.0 |
          Lair |   8779 |   8380 |    399 |   1359 |   4216 |   6 | 1463.2 |
               +--------+--------+--------+--------+--------+-----+--------+

Top non-repeatable levels by time:
  Lair:6: 2036 daAuts
     D:2: 1635 daAuts
     D:1: 1594 daAuts
  Lair:5: 1496 daAuts
     D:6: 1470 daAuts
  Lair:2: 1467 daAuts
  Lair:3: 1393 daAuts
  Lair:1: 1300 daAuts
     D:9: 1272 daAuts
     D:3: 1120 daAuts
     D:8: 1095 daAuts
  Lair:4: 1085 daAuts
     D:7: 1023 daAuts
     D:5: 723 daAuts
     D:4: 568 daAuts
